 Dungeon Crawl Stone Soup version 0.29-a0-337-g68df138881 (webtiles) character file.

Game seed: 8671035742426542846

440 Agony the Shield-Bearer (level 6, 0/56 HPs)
             Began as a Minotaur Fighter on Apr 16, 2022.
             Was a Believer of Sif Muna.
             Succumbed to a goblin's poison
             ... on level 4 of the Dungeon.
             The game lasted 00:10:21 (3234 turns).

Agony the Shield-Bearer (Minotaur Fighter)          Turns: 3234, Time: 00:10:22

Health: 0/56       AC:  8    Str: 23    XL:     6   Next: 70%
Magic:  5/5        EV:  5    Int:  5    God:    Sif Muna [**....]
Gold:   141        SH:  0    Dex:  9    Spells: 5/5 levels left

rFire   . . .      SeeInvis .   d - +0 hand axe (elec)
rCold   . . .      Faith    .   c - +0 buckler
rNeg    . . .      Spirit   .   b - +1 scale mail
rPois   +          Reflect  .   (helmet restricted)
rElec   .          Harm     .   (no cloak)
rCorr   .          Rampage  .   (no gloves)
Will    .....                   (no boots)
Stlth   ..........              (no amulet)
HPRegen 0.18/turn               h - ring of poison resistance
MPRegen 0.09/turn               (no ring)

@: lethally poisoned (0 -> -17), lit by a corona, held, glowing
A: horns 2, retaliatory headbutt
a: Renounce Religion, Channel Magic


You were on level 4 of the Dungeon.
You worshipped Sif Muna.
Sif Muna was pleased with you.
You visited 1 branch of the dungeon, and saw 4 of its levels.

You collected 141 gold pieces.

Inventory:

Hand Weapons
 d - a +0 hand axe of electrocution (weapon)
Armour
 b - a +1 scale mail (worn)
 c - a +0 buckler (worn)
Jewellery
 h - a ring of poison resistance (left hand)
Scrolls
 g - a scroll of teleportation
 n - a scroll of enchant weapon
Potions
 e - a potion of curing {unknown}
 f - a potion of berserk rage {unknown}
 j - a potion of lignification {unknown}
 k - a potion of mutation {unknown}


   Skills:
 + Level 5.5 Fighting
 + Level 4.9 Axes
 + Level 5.4 Armour
 + Level 5.5 Shields


You had 5 spell levels left.
You didn't know any spells.
Your spell library was empty.

Dungeon Overview and Level Annotations

Branches:
Dungeon (4/15)
 Temple: D:4-7

Altars:
Sif Muna

Shops:
D:2 (

Annotations:
D:3 1 runed translucent door, Crazy Yiuf


Innate Abilities, Weirdness & Mutations

You have a pair of horns on your head.
You reflexively headbutt those who attack you in melee.


Message History

You kill the giant cockroach!
Sif Muna accepts your kill.
The gnoll shaman mumbles some strange prayers to its god against you.
You are outlined in light.
You hit the goblin. Your headbutt misses the goblin.
The goblin is heavily wounded.
You hit the gnoll shaman but do no damage.
The goblin hits you but does no damage.
You are poisoned.
The gnoll shaman hits you with a +0 whip.
The gnoll shaman hits you but does no damage.
The goblin hits you but does no damage.
You hit the goblin.
The goblin is almost dead.
You hit the gnoll shaman.
You feel very sick.
The gnoll throws a throwing net.
The throwing net hits you.
You become entangled in the net!
The goblin barely misses you.
The gnoll shaman hits you with a +0 whip.
* * * LOW HITPOINT WARNING * * *
You struggle against the net.
You feel sick. The gnoll hits you with a +0 club.
* * * LOW HITPOINT WARNING * * *
The goblin hits you with a +0 dagger of venom.
* * * LOW HITPOINT WARNING * * *
You are lethally poisoned!
The gnoll shaman hits you but does no damage.
The gnoll barely misses you.
You struggle against the net.
* * * LOW HITPOINT WARNING * * *
You feel very sick. The gnoll barely misses you. You furiously retaliate!
You headbutt the gnoll.
The gnoll hits you from afar with a +0 spear.
* * * LOW HITPOINT WARNING * * *
The gnoll shaman splashes around in the water.
The goblin hits you but does no damage.
You are more poisoned.
The gnoll hits you from afar with a +0 spear.
* * * LOW HITPOINT WARNING * * *
You struggle against the net.
You die...

...........!## ##.
###..........#
...####...♣♣♣♣♣).#.##
...#...♣♣♣♣♣♣♣♣....#
.....♣≈PP≈♣≈≈♣g...##
#..≈≈≈PP≈≈≈≈≈♣P...#
#....≈.≈≈PP≈≈≈♣≈≈.#
#....gg....≈.P≈≈♣.#
#...@gg...........#
♣♣≈≈.g.≈....≈[...##
≈≈PPP≈≈≈≈≈♣≈≈.≈.≈..#
♣P≈≈≈P≈≈≈≈≈≈≈≈≈PP♣..#
#♣≈≈≈≈≈≈≈≈≈P≈≈≈≈≈#..#
#P♣P≈≈≈≈≈≈≈≈≈≈♣## ##
###♣♣≈P≈P≈≈≈≈≈♣
###≈≈≈≈≈≈≈≈


You could see a gnoll shaman, 3 gnolls and a goblin.

Vanquished Creatures
  Sigmund (D:4)
  A hound (D:4)
  A jelly (D:4)
  An orc priest (D:4)
  Terence (D:3)
  An orc wizard (D:4)
  A gnoll (D:4)
  3 adders
  A worm (D:3)
  A dart slug (D:3)
  7 orcs
  3 endoplasms
  4 giant cockroaches
  6 goblins
  14 hobgoblins
  3 jackals (D:1)
  5 kobolds
  5 quokkas
  8 ball pythons
  8 bats
  4 frilled lizards
  11 rats
90 creatures vanquished.

Vanquished Creatures (others)
  2 plants (D:4)
2 creatures vanquished.

Grand Total: 92 creatures vanquished

Notes
Turn   | Place    | Note
-------+----------+-------------------------------------------
     0 | D:1      | Agony the Minotaur Fighter began the quest for the Orb.
     0 | D:1      | Reached XP level 1. HP: 19/19 MP: 0/0
   327 | D:1      | Reached XP level 2. HP: 26/27 MP: 1/1
   829 | D:1      | Reached XP level 3. HP: 33/33 MP: 2/2
  1774 | D:2      | Found Igayscha's Weapon Boutique.
  1781 | D:2      | Found a faded altar of an unknown god.
  1808 | D:2      | Prayed at the altar of an unknown god.
  1808 | D:2      | Became a worshipper of Sif Muna the Loreminder
  1808 | D:2      | Reached * piety under Sif Muna
  1902 | D:2      | Reached XP level 4. HP: 41/41 MP: 3/3
  2220 | D:3      | Noticed Terence
  2237 | D:3      | Killed Terence
  2332 | D:3      | Reached ** piety under Sif Muna
  2656 | D:3      | Reached XP level 5. HP: 47/47 MP: 4/4
  2822 | D:3      | Found a runed translucent door.
  2823 | D:3      | Noticed Crazy Yiuf
  3155 | D:4      | Noticed Sigmund
  3165 | D:4      | Killed Sigmund
  3166 | D:4      | Reached skill level 5 in Fighting
  3166 | D:4      | Reached skill level 5 in Armour
  3166 | D:4      | Reached skill level 5 in Shields
  3166 | D:4      | Reached XP level 6. HP: 43/56 MP: 5/5
  3234 | D:4      | Succumbed to a goblin's poison

Illustrated notes

Levels and vault maps discovered:
D:1:      shiori_arrival_oz, layout_basic, minmay_quantized
D:2:      layout_rooms, chequers_ecumenical_altar_simple_redux, serial_shops,
          shop
D:3:      layout_loops_ring, uniq_terence, uniq_crazy_yiuf_cottage
D:4:      layout_rooms, portal_sewer_entry_e, serial_bayou_ford_a, uniq_natasha,
          uniq_sigmund

Skill      XL: |  1  2  3  4  5 |
---------------+----------------+-----
Fighting       | 4 5 |  5.5
Armour         | 4 5 |  5.4
Shields        | 4 5 |  5.5
Axes           | 3 4 |  4.9

Action                   |  1- 3 |  4- 6 || total
-------------------------+-------+-------++-------
Melee: War axe           |    88 |    24 ||   112
       Headbutt          |     5 |    12 ||    17
       Hand axe          |       |    65 ||    65
  Use: Scroll            |     2 |     5 ||     7
       Potion            |       |     1 ||     1
Armor: Scale mail        |    46 |    50 ||    96
Dodge: Dodged            |    43 |    55 ||    98
Block: Buckler           |    17 |    27 ||    44

Table legend: (Time is in decaauts)
 A = Elapsed time spent in this place.
 B = Non-inter-level travel time spent in this place.
 C = Inter-level travel time spent in this place.
 D = Time resting spent in this place.
 E = Time spent auto-exploring this place.
 F = Levels seen in this place.
 G = Mean time per level.
                   A        B        C        D        E       F      G
               +--------+--------+--------+--------+--------+-----+--------+
         Total |   3291 |   3185 |    106 |    537 |   1782 |   4 |  822.8 |
       Dungeon |   3291 |   3185 |    106 |    537 |   1782 |   4 |  822.8 |
               +--------+--------+--------+--------+--------+-----+--------+

Top non-repeatable levels by time:
     D:1: 1333 daAuts
     D:2: 930 daAuts
     D:3: 914 daAuts
     D:4: 113 daAuts
